 Dungeon Crawl Stone Soup version 0.21.1-1-g345015fe64 (webtiles) character file.

21555 Jannitor the Infuser (level 12, 0/73 HPs)
             Began as a Deep Elf Wanderer on Feb 6, 2018.
             Was a High Priest of Okawaru.
             Slain by a frost giant
             ... wielding a +1 battleaxe of freezing
              (3 damage)
             ... in an ice cave.
             The game lasted 01:03:21 (18394 turns).

Jannitor the Infuser (Deep Elf Wanderer)           Turns: 18394, Time: 01:03:21

Health: 0/73       AC: 11    Str: 15 (16) XL:     12   Next: 55%
Magic:  0/29       EV: 11    Int: 23      God:    Okawaru [*****.]
Gold:   364        SH:  0    Dex: 13      Spells: 10/19 levels left

rFire    . . .     SeeInvis .   b - +3 quick blade "Temonleofa" {drain, Str+4 Int+2}
rCold    + + .     Gourm    .   (no shield)
rNeg     . . .     Faith    .   N - +2 ring mail of the Good {rPois rC++}
rPois    +         Spirit   +   (helmet restricted)
rElec    .         Reflect  .   n - +0 cloak
rCorr    .         Harm     .   (no gloves)
MR       ++...                  A - +0 pair of boots
Stlth    +.........             l - amulet of guardian spirit
HPRegen  0.22/turn              h - ring of wizardry
MPRegen  0.21/turn              C - ring of magical power

@: about to teleport, singing
A: antennae 1, deterioration 1, magic resistance 1, screaming 1
a: Heroism, Finesse, Renounce Religion


You were in an ice cave.
You worshipped Okawaru.
Okawaru was extremely pleased with you.
You were hungry.

You visited 2 branches of the dungeon, and saw 13 of its levels.
You also visited: Labyrinth and Ice Cave.

You collected 678 gold pieces.
You spent 314 gold pieces at shops.

Inventory:

Hand Weapons
 a - a +5 hand crossbow
 b - the +3 quick blade "Temonleofa" (weapon) {drain, Str+4 Int+2}
   (You acquired it on level 8 of the Dungeon)

   A truly terrible weapon, it drains the life of those it strikes.
   It affects your strength (+4).
   It affects your intelligence (+2).
 k - a +1 arbalest of freezing
 p - a +0 scimitar
Missiles
 g - 63 bolts
Armour
 n - a +0 cloak (worn)
 q - the +1 ring mail of Panentheism {+Fly Dex+3}
   (You bought it in a shop on level 8 of the Dungeon)

   It affects your dexterity (+3).
   It lets you fly.
 t - a +5 ring mail of fire resistance
 u - the +0 ring mail of Horph {rPois}
   (You found it on level 9 of the Dungeon)

   It protects you from poison.
 A - a +0 pair of boots (worn)
 N - the +2 ring mail of the Good (worn) {rPois rC++}
   (Okawaru gifted it to you in an ice cave)

   It greatly protects you from cold.
   It protects you from poison.
Magical Staves
 w - an uncursed staff of death
 L - an uncursed staff of summoning {unknown}
 M - an uncursed staff of power {unknown}
Jewellery
 h - a ring of wizardry (left hand)
 l - an amulet of guardian spirit (around neck)
 C - a ring of magical power (right hand)
 I - a cursed +3 amulet of reflection
Wands
 c - a wand of random effects (81)
 j - a wand of paralysis (14)
 x - a wand of scattershot (2)
 y - a wand of iceblast (20)
 z - a wand of flame (12)
 E - a wand of enslavement (8)
Scrolls
 e - 4 scrolls of remove curse
 v - 2 scrolls of amnesia
 D - 2 scrolls of enchant armour
 F - a scroll of teleportation
 K - a scroll of enchant weapon
Potions
 i - a potion of flight
 m - 2 potions of cancellation
 r - 4 potions of brilliance
 B - 3 potions of lignification
 G - a potion of resistance
 H - a potion of curing
Books
 d - the Compendium of Aid

   Spells                             Type                      Level
   a - Song of Slaying                Charms                       2
   b - Shroud of Golubria             Charms/Translocation         2
 s - a book of Minor Magic

   Spells                             Type                      Level
   a - Magic Dart                     Conjuration                  1
   b - Blink                          Translocation                2
   c - Call Imp                       Summoning                    2
   d - Slow                           Hexes                        2
   e - Conjure Flame                  Conjuration/Fire             3
   f - Mephitic Cloud                 Conjuration/Poison/Air       3
 J - the Incunabulum of the Entourage and Orientation
   (You found it in a labyrinth)

   Spells                             Type                      Level
   a - Summon Butterflies             Summoning                    1
   b - Apportation                    Translocation                1
   c - Call Imp                       Summoning                    2
   d - Call Canine Familiar           Summoning                    3
   e - Dispersal                      Translocation                6
   f - Summon Hydra                   Summoning                    7
Comestibles
 f - 17 rations


   Skills:
 + Level 7.7 Fighting
 - Level 8.0 Short Blades
 + Level 8.6 Crossbows
 + Level 7.5 Armour
 + Level 2.1 Dodging
 - Level 1.2 Stealth
   Level 1.0 Shields
 - Level 4.3 Spellcasting
 - Level 9.0 Charms
 - Level 5.0 Translocations
   Level 1.1 Transmutations
 - Level 4.0 Air Magic
 - Level 2.1 Poison Magic
 + Level 7.7 Invocations


You had 10 spell levels left.
You knew the following spells:

 Your Spells              Type           Power        Failure   Level  Hunger
a - Shroud of Golubria    Chrm/Tloc      #####.....   1%          2    #......
b - Song of Slaying       Chrm           #####...     1%          2    #......
c - Blink                 Tloc           N/A          1%          2    #......
d - Mephitic Cloud        Conj/Pois/Air  ##......     9%          3    ##.....


Dungeon Overview and Level Annotations

Branches:
Dungeon (11/15)              Lair (2/6) D:8          Shoals (0/4) Lair:2
 Spider (0/4) Lair:2
 Temple: D:4-7          Orc: D:9-12

Altars:
Dithmenos
Elyvilon
Hepliaklqana
Kikubaaqudgha
Makhleb
Okawaru
Sif Muna
Trog
Vehumet
Wu Jian
Xom
The Shining One

Shops:
D:5 ::   D:8 [   D:10 (

Annotations:
D:4 FortKnight's ghost, amateur TrBe
D:5 1 runed door, Dowan; Duvessa; Edmund
D:7 direpenguin's ghost, novice DrCj


Innate Abilities, Weirdness & Mutations

You have a pair of small antennae on your head.
Your body sometimes deteriorates upon taking damage.
You are resistant to hostile enchantments. (MR+)
You occasionally shout uncontrollably at your foes.


Message History

Unknown command.
Okay, then.
Unknown command.
Unknown command.
Casting: Mephitic Cloud
Confirm with . or Enter, or press ? or * to list all spells.
Okay, then.
Unknown command.
Unknown command.
As you read the scroll of teleportation, it crumbles to dust.
You feel strangely unstable.
The frost giant hits you but does no damage.
You barely miss the frost giant.
The frost giant is heavily wounded.
You hit the frost giant.
The frost giant is heavily wounded.
The frost giant hits you with a battleaxe of freezing!!
* * * LOW HITPOINT WARNING * * *
The frost giant freezes you.
You die...

##########
#######...##@C.#
#..#...##...##.h.#
#### #..########
#....# ≈≈.#####..#
#..... ≈#≈..##..##
#.... ≈≈##...###{
÷.## ≈≈≈##### ##
≈≈#≈≈# ≈≈≈≈≈≈≈


You could see a frost giant and a polar bear (confused).

Vanquished Creatures
  A minotaur (Lab)
  3 death yaks (IceCv)
  Pikel (D:8)
  An ice statue (IceCv)
  4 spiny frogs
  A centaur zombie (D:9)
  A rime drake (Lair:2)
  2 komodo dragons
  13 polar bears (IceCv)
  3 blink frogs (Lair:2)
  2 slime creatures (D:6)
  3 hippogriffs
  Sigmund (D:2)
  A human (D:8)
  23 yaks
  Eustachio (D:6)
  3 hogs
  Grum (D:9)
  A steam dragon (D:9)
  2 hungry ghosts
  3 vampire mosquitoes (D:9)
  4 water moccasins
  The ghost of Tagedieb the Sneak, an amateur SpEn (D:6)
  2 porcupines
  An orc warrior (D:6)
  An ice beast (D:8)
  A slave (D:8)
  A phantom (D:7)
  An eye of draining (D:9)
  4 sky beasts
  18 wolves
  8 centaurs
  4 ogres
  2 crocodiles
  2 big kobolds (D:7)
  7 bullfrogs
  3 scorpions
  4 killer bees (D:8)
  A troll skeleton (Lab)
  9 wights
  A spriggan skeleton (Lab)
  3 vampire bats
  4 crimson imps
  A quasit (D:10)
  5 jellies
  6 hounds
  6 orc priests
  2 bullfrog skeletons
  2 centaur skeletons
  6 orc wizards
  Natasha (D:3)
  An iguana (D:9)
  4 worker ants
  An ogre skeleton (Lab)
  A hound skeleton (D:4)
  4 worker ant zombies
  3 gnolls (D:5)
  12 adders
  A shadow imp (D:5)
  7 oozes
  3 adder zombies
  2 adder skeletons (D:4)
  6 worms
  2 dart slugs
  5 leopard geckos
  17 orcs
  4 bat skeletons (D:8)
  A bat zombie (D:8)
  5 giant cockroaches
  8 goblins
  13 hobgoblins
  16 jackals
  6 quokkas
  3 ball pythons
  15 bats
  5 frilled lizards
  13 kobolds
  A leopard gecko zombie (D:6)
  2 quokka skeletons
  5 rats
348 creatures vanquished.

Vanquished Creatures (others)
  A polar bear (IceCv)
  2 yaks (IceCv)
  3 slaves (D:8)
  5 wolves (IceCv)
  A killer bee (D:8)
  A jelly (D:8)
  2 iguanas (D:8)
  A hound skeleton (D:8)
  An adder (D:8)
  An orc (D:8)
  A ball python (D:8)
  7 fungi (D:7)
  3 plants
  8 toadstools (D:7)
37 creatures vanquished.

Grand Total: 385 creatures vanquished

Notes
Turn   | Place    | Note
-------+----------+-------------------------------------------
     0 | D:1      | Jannitor the Deep Elf Wanderer began the quest for the Orb.
     0 | D:1      | Jannitor set off with: a +2 hand crossbow, 24 bolts, a +0 ring mail, the Compendium of Aid, a ration
     0 | D:1      | Reached XP level 1. HP: 12/12 MP: 6/6
     0 | D:1      | Identified the Compendium of Aid
   109 | D:1      | Reached skill level 1 in Dodging
   140 | D:1      | Reached XP level 2. HP: 16/16 MP: 8/8
   720 | D:2      | Reached XP level 3. HP: 20/20 MP: 9/9
   819 | D:2      | Reached skill level 1 in Short Blades
  1291 | D:2      | Reached skill level 1 in Armour
  1448 | D:2      | Reached XP level 4. HP: 24/26 MP: 10/10
  1504 | D:2      | Noticed Sigmund
  1633 | D:2      | Killed Sigmund
  1633 | D:2      | Reached XP level 5. HP: 24/31 MP: 8/11
  1934 | D:3      | Reached XP level 6. HP: 31/36 MP: 12/12
  1953 | D:3      | Found a radiant altar of Vehumet.
  2304 | D:3      | Noticed Natasha
  2313 | D:3      | Killed Natasha
  3167 | D:4      | Noticed FortKnight's ghost (amateur TrBe)
  3172 | D:4      | Reached XP level 7. HP: 39/41 MP: 13/13
  3635 | D:5      | Entered Level 5 of the Dungeon
  3668 | D:5      | Found Rotea's Book Shoppe.
  3688 | D:5      | Found a runed door.
  3747 | D:5      | Found Beucwato's Book Shoppe.
  3988 | D:5      | Noticed Duvessa
  3988 | D:5      | Noticed Dowan
  4088 | D:5      | Found a deep blue altar of Sif Muna.
  4179 | D:5      | Found an ornate altar of the Wu Jian Council.
  4328 | D:5      | Found a hazy altar of Hepliaklqana.
  4357 | D:5      | Found an iron altar of Okawaru.
  4430 | D:5      | Became a worshipper of Warmaster Okawaru
  4434 | D:5      | Learned a level 2 spell: Shroud of Golubria
  4437 | D:5      | Learned a level 2 spell: Song of Slaying
  4738 | D:5      | Found a burning altar of Makhleb.
  4753 | D:5      | Reached XP level 8. HP: 36/48 MP: 11/14
  4892 | D:5      | Noticed Edmund
  4929 | D:6      | Reached skill level 1 in Charms
  5241 | D:6      | Reached skill level 2 in Charms
  5325 | D:6      | Noticed Tagedieb's ghost (amateur SpEn)
  5825 | D:6      | Noticed Eustachio
  5874 | D:6      | Killed Eustachio
  5874 | D:6      | Reached skill level 5 in Crossbows
  5874 | D:6      | Reached skill level 3 in Charms
  6037 | D:6      | Reached * piety under Okawaru
  6291 | D:6      | Reached skill level 5 in Short Blades
  6450 | D:6      | Killed Tagedieb's ghost
  6450 | D:6      | Reached skill level 4 in Charms
  6811 | D:7      | Noticed direpenguin's ghost (novice DrCj)
  6832 | D:6      | Reached XP level 9. HP: 15/52 MP: 10/15
  7103 | D:7      | Found a white marble altar of Elyvilon.
  7717 | D:7      | Reached skill level 5 in Charms
  7737 | D:7      | Reached skill level 5 in Fighting
  7739 | D:7      | Reached skill level 1 in Invocations
  8425 | D:8      | Found a staircase to the Lair.
  8425 | D:8      | Noticed a komodo dragon
  8452 | D:8      | Gained mutation: Your body sometimes deteriorates upon taking damage. [potion of mutation]
  8452 | D:8      | Gained mutation: You are resistant to hostile enchantments. (MR+) [potion of mutation]
  8452 | D:8      | Gained mutation: You occasionally shout uncontrollably at your foes. [potion of mutation]
  8452 | D:8      | Gained mutation: You have a pair of small antennae on your head. [potion of mutation]
  9504 | D:8      | Reached skill level 5 in Armour
  9525 | D:8      | Noticed Pikel
  9552 | D:8      | Reached skill level 6 in Charms
  9574 | D:8      | Killed Pikel
  9574 | D:8      | Reached ** piety under Okawaru
  9773 | D:8      | Found Viroz's Antique Armour Emporium.
  9806 | D:8      | Reached XP level 10. HP: 25/59 MP: 6/16
 10142 | D:8      | Bought a steaming ring mail for 153 gold pieces
 10142 | D:8      | Bought a pair of pitted boots for 161 gold pieces
 10147 | D:8      | Identified the -6 pair of boots "Tastreija" {rElec rPois Str-2 Stlth-} (You bought it in a shop on level 8 of the Dungeon)
 10157 | D:8      | Identified the +1 ring mail of Panentheism {+Fly Dex+3} (You bought it in a shop on level 8 of the Dungeon)
 10446 | D:8      | Got a twisted falchion
 10447 | D:8      | Identified the cursed +2 falchion of Qeozor {pain, +Rage rN+} (You found it on level 8 of the Dungeon)
 10593 | D:8      | Found a shimmering altar of Xom.
 10783 | D:8      | Reached skill level 7 in Charms
 10812 | D:9      | Got a bloodstained ring mail
 10821 | D:10     | Entered Level 10 of the Dungeon
 11009 | D:10     | Identified the +0 ring mail of Horph {rPois} (You found it on level 9 of the Dungeon)
 12038 | D:10     | Found Ohuon's Antique Weapon Shoppe.
 12847 | D:9      | Reached *** piety under Okawaru
 12868 | D:9      | Reached skill level 8 in Charms
 12885 | D:9      | Reached skill level 5 in Invocations
 13336 | D:9      | Learned a level 2 spell: Blink
 13344 | D:9      | Noticed Grum
 13374 | D:9      | Received a gift from Okawaru
 13668 | D:9      | Killed Grum
 13744 | D:9      | Reached **** piety under Okawaru
 13744 | D:9      | Reached XP level 11. HP: 66/66 MP: 6/18
 13757 | D:9      | Found a bloodstained altar of Trog.
 13767 | D:9      | Reached skill level 1 in Translocations
 13896 | D:9      | Found a glowing golden altar of the Shining One.
 13938 | D:9      | Found a shadowy altar of Dithmenos.
 15160 | D:8      | Found an ancient bone altar of Kikubaaqudgha.
 15172 | D:8      | Identified a scroll of acquirement
 15175 | D:8      | Got a faintly glowing quick blade
 15176 | D:8      | Identified the +3 quick blade "Temonleofa" {drain, Str+4 Int+2} (You acquired it on level 8 of the Dungeon)
 15441 | Lair:1   | Entered Level 1 of the Lair of Beasts
 15847 | Lair:1   | Reached skill level 9 in Charms
 15925 | Lair:1   | Learned a level 3 spell: Mephitic Cloud
 16406 | Lair:2   | Reached ***** piety under Okawaru
 16498 | Lair:2   | Found a labyrinth entrance.
 16508 | Lab      | Entered a labyrinth
 16550 | Lab      | Reached skill level 1 in Air Magic
 16692 | Lab      | Noticed a minotaur
 16711 | Lab      | Killed a minotaur
 16732 | Lab      | Identified the Incunabulum of the Entourage and Orientation
 16759 | Lair:2   | Received a gift from Okawaru
 16917 | Lair:2   | Found a frozen archway.
 16925 | IceCv    | Entered an ice cave
 17480 | IceCv    | Reached XP level 12. HP: 72/72 MP: 20/20
 17652 | IceCv    | Noticed a death yak
 17652 | IceCv    | Noticed a death yak
 17692 | IceCv    | Killed a death yak
 17901 | IceCv    | Killed a death yak
 18245 | IceCv    | Reached skill level 5 in Translocations
 18266 | IceCv    | Received a gift from Okawaru
 18276 | IceCv    | Got a translucent ring mail {god gift}
 18291 | IceCv    | Identified the +2 ring mail of the Good {rPois rC++} (Okawaru gifted it to you in an ice cave)
 18346 | IceCv    | Noticed a death yak
 18346 | IceCv    | Noticed a frost giant
 18367 | IceCv    | Killed a death yak
 18394 | IceCv    | HP: 3/73 [frost giant/battleaxe of freezing (20)]
 18394 | IceCv    | Slain by a frost giant

Skill      XL: |  1  2  3  4  5  6  7  8  9 10 11 12 |
---------------+-------------------------------------+-----
Crossbows      | 2 3 4 5 6 7 8 |  8.6
Dodging        | 1 2 |  2.1
Short Blades   | 1 2 3 4 5 6 7 8 |  8.0
Armour         | 1 2 3 4 5 6 7 |  7.5
Fighting       | 2 3 4 5 6 7 |  7.7
Charms         | 4 6 8 9 |  9.0
Invocations    | 3 5 6 7 |  7.7
Translocations | 4 5 |  5.0
Spellcasting   | 4 |  4.3
Air Magic      | 2 4 |  4.0
Stealth        | |  1.2
Shields        | |  1.0
Transmutations | |  1.1
Poison Magic   | |  2.1

Action                   |  1- 3 |  4- 6 |  7- 9 | 10-12 || total
-------------------------+-------+-------+-------+-------++-------
Melee: Dagger            |   116 |    10 |       |       ||   126
       Short sword       |       |   187 |   718 |   517 ||  1422
       Punch             |       |       |     3 |    13 ||    16
       Quick blade       |       |       |       |   655 ||   655
 Fire: Hand crossbow     |    64 |    36 |    60 |    86 ||   246
 Cast: Song of Slaying   |       |       |     3 |    18 ||    21
       Mephitic Cloud    |       |       |       |     8 ||     8
       Shroud of Golubri |       |       |       |     4 ||     4
       Blink             |       |       |       |     2 ||     2
Invok: Heroism           |       |       |     6 |    23 ||    29
Evoke: Wand              |       |       |       |    26 ||    26
  Use: Scroll            |     3 |     5 |    14 |    14 ||    36
       Potion            |     1 |       |     8 |     9 ||    18
 Stab: Sleeping          |       |       |     1 |       ||     1
       Paralysed         |       |       |       |     2 ||     2
       Confused          |       |       |       |     8 ||     8
  Eat: Chunk             |     2 |     5 |    12 |    12 ||    31
       Ration            |       |       |     4 |     6 ||    10
Armor: Ring mail         |    25 |   128 |   347 |   405 ||   905
       Skin              |    29 |       |    24 |       ||    53
Dodge: Dodged            |    35 |   138 |   365 |   459 ||   997
